 Dungeon Crawl Stone Soup version 0.27.1-1-g398f81649c (webtiles) character file.

Game seed: 1390972351952574251

286 speeev33 the Skirmisher (level 6, 0/56 HPs)
             Began as a Hill Orc Fighter on Sept 13, 2021.
             Slain by Pikel (3 damage)
             ... on level 4 of the Dungeon.
             The game lasted 00:02:40 (2227 turns).

speeev33 the Skirmisher (Hill Orc Fighter)          Turns: 2227, Time: 00:02:41

Health: 0/56       AC: 10    Str: 21    XL:     6   Next: 30%
Magic:  6/6        EV:  5    Int:  8    God:
Gold:   144        SH: 10    Dex: 10    Spells: 5/5 levels left

rFire    + . .     SeeInvis .   a - +0 war axe
rCold    . . .     Faith    .   f - +1 kite shield {rF+}
rNeg     . . .     Spirit   .   g - +0 chain mail
rPois    .         Reflect  .   b - +0 helmet
rElec    .         Harm     .   (no cloak)
rCorr    .         Rampage  .   (no gloves)
Will     +....                  (no boots)
Stlth    ..........             c - amulet of regeneration
HPRegen  1.18/turn              h - ring of willpower
MPRegen  0.10/turn              (no ring)

@: no status effects
A: no striking features
a: no special abilities


You were on level 4 of the Dungeon.
You visited 1 branch of the dungeon, and saw 4 of its levels.

You collected 144 gold pieces.

Inventory:

Hand Weapons
 a - a +0 war axe (weapon)
Armour
 b - a +0 helmet (worn)
 f - a +1 kite shield of fire resistance (worn)
 g - a +0 chain mail (worn)
Jewellery
 c - an amulet of regeneration (around neck)
 h - a ring of willpower (left hand)
Wands
 d - a wand of flame (12)
Scrolls
 e - a scroll of fear


   Skills:
 + Level 5.1 Fighting
 + Level 4.8 Axes
 + Level 4.7 Armour
 + Level 4.6 Shields


You had 5 spell levels left.
You didn't know any spells.
Your spell library contained the following spells:

 Spells                   Type           Power      Damage    Failure   Level
 Slow                     Hex            0%         N/A       100%        2
 Static Discharge         Conj/Air       0%         N/A       100%        2
 Confusing Touch          Hex            0%         N/A       100%        3
 Vampiric Draining        Necr           0%         2d6       100%        3
 Dispel Undead            Necr           0%         3d6       100%        4
 Sticky Flame             Conj/Fire      0%         2d3       100%        4


Dungeon Overview and Level Annotations

Branches:
Dungeon (4/15)
 Temple: D:4-7

Altars:

Shops:
D:1 ?

Annotations:
D:4 Pikel


Message History

Pikel waves his whip at you. You block Pikel's attack.
Cleave: a) +0 war axe
Press: ? - help, Dir - move target, f - Pikel
Aim: Pikel, wielding a +2 whip of electrocution and wearing a +2 robe of cold resistance (heavily wounded, about 50% to evade your +0 war axe)
Okay, then.
Aiming: Throw Flame
Press: ? - help, Shift-Dir - straight line, f - Pikel
Aim: Pikel, wielding a +2 whip of electrocution and wearing a +2 robe of cold resistance (heavily wounded, 60% to hit)
The puff of flame misses Pikel.
The puff of flame hits the lemure.
The lemure is moderately wounded.
The lemure shouts!
You block Pikel's attack.
You slash Pikel!
Pikel is severely wounded.
You block Pikel's attack.
You hit Pikel.
Pikel is severely wounded.
Pikel hits you but does no damage.
You are electrocuted!
* * * LOW HITPOINT WARNING * * *
You block Pikel's attack.
It was a potion of curing.
You feel better. You block Pikel's attack.
You closely miss Pikel.
Pikel is severely wounded.
Pikel barely misses you.
You hit Pikel.
Pikel is severely wounded.
You block Pikel's attack. Pikel barely misses you.
You barely miss Pikel.
Pikel is severely wounded.
You block Pikel's attack.
You closely miss Pikel.
Pikel is severely wounded.
You block Pikel's attack. Pikel hits you but does no damage.
You are electrocuted!
* * * LOW HITPOINT WARNING * * *
You closely miss Pikel.
Pikel is severely wounded.
Pikel hits you with a +2 whip of electrocution.
You die...

#...# #..†# #.#
#...# #.#.# #
#.K5# #.#.#.
##...#######.#.#.
#....5..........
###..#.#####.#.#
#..#.#####.#.#
#...555K@....#
####5#####.†.#
#.# #..<# #.#
#.......... #.#
##.##.##### #.#
#.# .# #.# #.. .
#.. ... ## #.#


You could see Pikel and 4 lemures.

Vanquished Creatures
  Sigmund (D:3)
  A scorpion (D:4)
  Jessica (D:2)
  2 worms
  2 dart slugs
  2 orcs
  5 bats
  An endoplasm (D:3)
  2 giant cockroaches
  5 goblins
  5 hobgoblins
  4 frilled lizards
  2 kobolds (D:3)
  A rat (D:1)
34 creatures vanquished.

Vanquished Creatures (others)
  Natasha (D:2)
1 creature vanquished.

Grand Total: 35 creatures vanquished

Notes
Turn   | Place    | Note
-------+----------+-------------------------------------------
     0 | D:1      | speeev33 the Hill Orc Fighter began the quest for the Orb.
     0 | D:1      | Reached XP level 1. HP: 19/19 MP: 1/1
     7 | D:1      | Found Sedeink's Magic Scroll Boutique.
   369 | D:1      | Reached XP level 2. HP: 27/27 MP: 2/2
   373 | D:1      | Found a faded altar of an unknown god.
  1147 | D:2      | Noticed Natasha
  1154 | D:2      | Killed Natasha
  1476 | D:2      | Noticed Jessica
  1482 | D:2      | Killed Jessica
  1483 | D:2      | Reached skill level 4 in Fighting
  1483 | D:2      | Reached XP level 3. HP: 33/33 MP: 3/3
  1735 | D:3      | Reached XP level 4. HP: 40/40 MP: 4/4
  1815 | D:3      | Noticed Sigmund
  1821 | D:3      | Killed Sigmund
  1822 | D:3      | Reached XP level 5. HP: 45/47 MP: 5/5
  1921 | D:3      | Reached XP level 6. HP: 55/55 MP: 6/6
  1933 | D:3      | Reached skill level 5 in Fighting
  2191 | D:4      | Noticed Pikel
  2226 | D:4      | HP: 1/56 [Pikel (17)]
  2227 | D:4      | Slain by Pikel

Illustrated notes

Levels and vault maps discovered:
D:1:      sevenhm_arrival_forest_fort_small_4, layout_basic,
          shapermc_ecumenical_altar_starsandcircs, serial_shops, shop
D:2:      layout_basic, uniq_jessica, uniq_natasha
D:3:      layout_rooms, minmay_quantized, uniq_sigmund
D:4:      layout_basic, grunt_dithmenos_smoke_and_mirrors,
          nicolae_ru_the_path_less_chosen, portal_sewer_entry_b,
          kennysheep_cross_room, kennysheep_small_square, uniq_eustachio,
          uniq_blork_the_orc, uniq_pikel

Skill      XL: |  1  2  3  4  5  6 |
---------------+-------------------+-----
Axes           | 3 4 |  4.8
Fighting       | 4 5 |  5.1
Armour         | 4 |  4.7
Shields        | 4 |  4.6

Action                   |  1- 3 |  4- 6 || total
-------------------------+-------+-------++-------
Melee: War axe           |    50 |    53 ||   103
Evoke: Wand              |       |     1 ||     1
  Use: Scroll            |     2 |     3 ||     5
       Potion            |       |     2 ||     2
Armor: Scale mail        |     8 |       ||     8
       Chain mail        |    24 |    29 ||    53
Dodge: Dodged            |    12 |     8 ||    20
Block: Kite shield       |    15 |    39 ||    54
